 Dungeon Crawl Stone Soup version 0.28-a0-533-g9f97627e2a (webtiles) character file.

Game seed: 15624198918769428303

4 sleeves the Sneak (level 1, -3/14 HPs)
             Began as a Tengu Delver on Sept 25, 2021.
             Shot with an arrow by a centaur (9 damage)
             ... on level 4 of the Dungeon.
             The game lasted 00:00:23 (167 turns).

sleeves the Sneak (Tengu Delver)                     Turns: 167, Time: 00:00:24

Health: -3/14      AC:  3    Str: 12    XL:     1   Next: 60%
Magic:  2/2        EV: 12    Int: 10    God:
Gold:   20         SH:  0    Dex: 15    Spells: 0/0 levels left

rFire   . . .      SeeInvis .   a - +0 falchion
rCold   . . .      Faith    .   (no shield)
rNeg    . . .      Spirit   .   b - +0 leather armour
rPois   .          Reflect  .   (helmet restricted)
rElec   .          Harm     .   (no cloak)
rCorr   .          Rampage  .   (no gloves)
Will    .....                   (boots unavailable)
Stlth   +++.......              (no amulet)
HPRegen 0.04/turn               (no ring)
MPRegen 0.08/turn               (no ring)

@: no status effects
A: beak, talons 3
a: no special abilities


You were on level 4 of the Dungeon.
You visited 1 branch of the dungeon, and saw 2 of its levels.

You collected 20 gold pieces.

Inventory:

Hand Weapons
 a - a +0 falchion (weapon)
Armour
 b - a +0 leather armour (worn)
Wands
 g - a wand of digging (3)
Scrolls
 c - a scroll of fog
 d - a scroll of magic mapping
 e - a scroll of fear
Potions
 f - a potion of haste


   Skills:
 - Level 3.0 Fighting
 + Level 2.6 Long Blades
 - Level 2.1 Dodging
 - Level 5.0 Stealth


You couldn't memorise any spells.
You didn't know any spells.
Your spell library was empty.

Dungeon Overview and Level Annotations

Branches:
Dungeon (5/15)
 Temple: D:4-7

Altars:


Innate Abilities, Weirdness & Mutations

You have a beak for a mouth.
You have claws for feet.


Message History

Welcome, sleeves the Tengu Delver.
Will you prevail where others failed? Will you find the Orb of Zot?
Press ? for a list of commands and other information.
Found 20 gold pieces and 18 sling bullets.
Found a stone staircase leading down and a stone staircase leading up.
Unknown command.
Unknown command.
Unknown command.
(D) Dungeon
Where to? (? - help)
There is a stone staircase leading up here.
You climb upwards.
The jackal barks! x3; You hear a shout! x3
There is a stone staircase leading down here.
There are monsters nearby!
The jackal bites you.
You climb downwards.
There is a stone staircase leading up here.
You hit the jackal but do no damage.
The jackal bites you but does no damage.
The jackal misses you.
You hit the jackal. Your kick misses the jackal.
The jackal is almost dead.
The jackal closely misses you. The jackal completely misses you.
You miss the jackal. You claw the jackal.
You kill the jackal!
No target in view!
No target in view!
You start resting.
HP restored.
Unknown command.
You climb upwards.
The jackal bites you. x2; The jackal barely misses you.
The jackal bites you but does no damage.
There is a stone staircase leading down here.
The jackal bites you.
The jackal bites you but does no damage. x2
The jackal bites you.
You climb downwards.
There is a stone staircase leading up here.
You are too injured to fight recklessly!
You are too injured to fight recklessly!
You hit the jackal. Your kick misses the jackal.
The jackal is almost dead.
The jackal completely misses you.
The jackal bites you but does no damage.
The jackal barely misses you.
You hit the jackal but do no damage. You claw the jackal, but do no damage.
The jackal is almost dead.
The jackal bites you but does no damage.
The jackal barely misses you. x2
You barely miss the jackal. Your kick misses the jackal.
The jackal is almost dead.
The jackal bites you but does no damage.
The jackal misses you. The jackal closely misses you. The jackal misses you.
You slash the jackal!
You kill the jackal!
The jackal closely misses you.
You closely miss the jackal.
The jackal bites you but does no damage.
The jackal misses you.
You closely miss the jackal. The jackal closely misses you.
You closely miss the jackal. Your peck misses the jackal.
The jackal closely misses you. The jackal barely misses you.
You closely miss the jackal. You claw the jackal, but do no damage.
Your peck misses the jackal.
The jackal bites you but does no damage. x2
You hit the jackal but do no damage. You claw the jackal, but do no damage.
The jackal bites you but does no damage.
You hit the jackal. You claw the jackal.
You kill the jackal!
You start resting.
HP restored.
You now have 7 gold pieces.
You now have 20 gold pieces (gained 13).
There is a stone staircase leading up here.
You climb upwards.
The orc hits you with a +0 club. x2
* * * LOW HITPOINT WARNING * * *
There is a stone staircase leading down, spattered with blood here.
You are too injured to fight recklessly!
You are too injured to fight recklessly!
The centaur wields a +0 shortbow.
The centaur shoots an arrow.
The arrow hits you!
Ouch! That really hurt!
You die...

#..# ..#
#...#..#
#..c...# .
##......#####
#.#............
#..........o.
.....o..o.#
#.h.@.# #....##
.....#.## ####
##


You could see a centaur, 3 orcs and a jackal (wandering).

Vanquished Creatures
  3 jackals (D:5)
3 creatures vanquished.

Notes
Turn   | Place    | Note
-------+----------+-------------------------------------------
     0 | D:5      | sleeves the Tengu Delver began the quest for the Orb.
     0 | D:5      | Reached XP level 1. HP: 14/14 MP: 2/2
    26 | D:4      | Noticed a centaur
   166 | D:4      | HP: 6/14 [orc (5)]
   167 | D:4      | Shot with an arrow by a centaur

Illustrated notes

Levels and vault maps discovered:
D:4:      layout_loops_ring
D:5:      layout_rooms, dk_noncrumbling_2, uniq_eustachio, uniq_prince_ribbit1

Action                   || total
-------------------------++-------
Melee: Falchion          ||    13
       Kick              ||     5
Armor: Leather armour    ||    11
Dodge: Dodged            ||    16

Table legend: (Time is in decaauts)
 A = Elapsed time spent in this place.
 B = Non-inter-level travel time spent in this place.
 C = Inter-level travel time spent in this place.
 D = Time resting spent in this place.
 E = Time spent auto-exploring this place.
 F = Levels seen in this place.
 G = Mean time per level.
                   A        B        C        D        E       F      G
               +--------+--------+--------+--------+--------+-----+--------+
         Total |    170 |    165 |      5 |    121 |      0 |   2 |   85.0 |
       Dungeon |    170 |    165 |      5 |    121 |      0 |   2 |   85.0 |
               +--------+--------+--------+--------+--------+-----+--------+

Top non-repeatable levels by time:
     D:5: 164 daAuts
     D:4: 6 daAuts
